 Dungeon Crawl Stone Soup version 0.31-a0-431-g88bdf31460 (webtiles) character file.

Game seed: 122735392455216276

64 Zonian the Ruffian (level 4, -1/29 HPs)
             Began as an Octopode Shapeshifter on Aug 1, 2023.
             Slain by a goblin
             ... wielding a +0 club
             ... led by Robin
              (6 damage)
             ... on level 3 of the Dungeon.
             The game lasted 00:03:15 (2166 turns).

Zonian the Ruffian (Octopode Shapeshifter)          Turns: 2166, Time: 00:03:15

Health: -1/29      AC:  1    Str: 16    XL:     4   Next: 12%
Magic:  4/4        EV: 13    Int: 10    God:
Gold:   111        SH:  0    Dex: 12    Spells: 3/3 levels left

rFire   . .          .
                       - Unarmed
rCold   . . .        (no shield)
rNeg    . . .        (helmet currently unavailable)
rPois   .            (no amulet)
rElec   .            (no ring)
rCorr   .            (no ring)
SInv    .            (no ring)
Will    .....        (no ring)
Stlth   ++           (no ring)
HPRegen 0.24/turn    (no ring)
MPRegen 0.09/turn    (no ring)
                     (no ring)

%: no passive effects
@: beast-form
A: beast (slay +2), almost no armour, amphibious, 8 rings, camouflage 1,
gelatinous body 1, (nimble swimmer 1), tentacles
a: Begin Untransformation


You were on level 3 of the Dungeon.
You were a hulking beast.
You visited 1 branch of the dungeon, and saw 3 of its levels.

You collected 111 gold pieces.

Inventory:

Talismans
 b - a beast talisman (active)
 f - a storm talisman
Scrolls
 c - 2 scrolls of identify {unknown}
 d - a scroll of enchant weapon {unknown}
 g - 3 scrolls of amnesia {unknown}
 i - a scroll of fog {unknown}
 l - a scroll of teleportation {unknown}
Potions
 a - a potion of lignification
 e - a potion of brilliance {unknown}
 h - a potion of ambrosia {unknown}
 j - 2 potions of attraction {unknown}
 k - a potion of mutation {unknown}


   Skills:
 + Level 2.0 Fighting
 + Level 2.6 Dodging
 + Level 0.3 Stealth
 + Level 3.5 Unarmed Combat
 + Level 3.3 Shapeshifting


You had 3 spell levels left.
You didn't know any spells.
Your spell library was empty.

Dungeon Overview and Level Annotations

Branches:
Dungeon (3/15)

Altars:
Dithmenos
Vehumet
Zin

Annotations:
D:3 Robin


Innate Abilities, Weirdness & Mutations

You are a hulking beast.
Your limbs bulge with bestial killing power. (Slay +2)
You cannot wear most types of armour.
You are amphibious.
You can wear up to eight rings at the same time.
Your skin changes colour to match your surroundings (Stealth+).
Your rubbery body absorbs attacks. (AC +1, EV +1)
((You are camouflaged when in or above water. (Stealth+)))
You have tentacles for arms and can constrict up to eight enemies at once.


Message History

You constrict the goblin.
You kill the goblin!
The goblin misses you.
You see here a +0 club.
A hobgoblin comes into view.
Robin roars a battlecry!
The goblins go into a battle-frenzy!
The goblin attacks as you move away! The goblin misses you.
Found a scroll labelled FOAMEORCHY.
The goblin shoots a sling bullet.
The sling bullet misses you.
An endoplasm comes into view.
The goblin shoots a sling bullet.
The sling bullet hits you. The goblin hits you with a +0 club.
Robin throws the goblin at you!
The goblin unwields a +0 sling.
The goblin wields a +0 dagger.
The goblin hits you with a +0 dagger.
Really walk into that dispersal trap? [Y]es or [N]o only, please.
Really walk into that dispersal trap?
The goblin attacks as you move away! The goblin closely misses you.
You enter a dispersal trap!
The goblin blinks! x4; The endoplasm blinks!
You blink.
Robin hits you from afar with a +0 spear.
Unknown command.
The goblin misses you.
Robin hits you from afar with a +0 spear.
You barely miss the goblin. Your grab misses the goblin.
The goblin closely misses you. Robin closely misses you.
The goblin closely misses you.
You closely miss the goblin. You grab the goblin. You squeeze the goblin.
The goblin is heavily wounded.
You constrict the goblin, but do no damage.
The goblin completely misses you. Robin throws the goblin at you!
The goblin barely misses you. The goblin hits you with a +0 dagger.
* * * LOW HITPOINT WARNING * * *
Unknown command.
You release your grip on the goblin.
The goblin attacks as you move away! The goblin misses you.
The goblin unwields a +0 dagger.
The goblin wields a +0 sling.
The goblin shoots a sling bullet.
The sling bullet closely misses you. The goblin hits you with a +0 club.
You die...

#.......>.....## ##..........
#....gg........# #g........#.
...... ...#... ._g...##..#####
.... .g... ...#g #..# ##. ###.#
#..# #.## . #..###..
###..g######..# ...#.....#...g.
..#..)ggg)..gg# ......##.#.....
#....########g####...#..#....####
..#### #..#h......##+#### ..#
##..g.###.## #.# #gg...^.# #.#
##..#.### #.# #ยง..##.# #.#
#..?..#### #.########.....##
#.##.......###. #.#...########.


You could see 3 goblins.

Vanquished Creatures
  An adder (D:2)
  A worm (D:2)
  4 dart slugs
  4 bats
  4 endoplasms
  3 giant cockroaches
  5 goblins
  7 hobgoblins
  3 kobolds
  A quokka (D:1)
  3 ball pythons
  A rat (D:1)
37 creatures vanquished.

Notes
Turn   | Place    | Note
-------+----------+-------------------------------------------
     0 | D:1      | Zonian the Octopode Shapeshifter began the quest for the
                  | Orb.
     0 | D:1      | Reached XP level 1. HP: 13/13 MP: 1/1
    79 | D:1      | Reached XP level 2. HP: 18/18 MP: 2/2
   309 | D:1      | Reached XP level 3. HP: 23/23 MP: 3/3
  1493 | D:3      | Found a shadowy altar of Dithmenos.
  1500 | D:3      | Reached XP level 4. HP: 23/29 MP: 4/4
  1695 | D:3      | Found a radiant altar of Vehumet.
  1695 | D:3      | Noticed Robin
  2063 | D:3      | Found a faded altar of an unknown god.
  2076 | D:3      | Prayed at the altar of an unknown god.
  2166 | D:3      | Slain by a goblin

Illustrated notes

Levels and vault maps discovered:
D:1:      dpeg_arrival_stonehenge_12_columns, layout_rooms
D:2:      layout_basic
D:3:      layout_rooms, vehumet_crystals, nicolae_dithmenos_the_darkroom,
          minitemple, chequers_ecumenical_altar_island, dk_noncrumbling_4,
          nrook_mini_vaults, uniq_robin

Skill      XL: |  1  2  3  4 |
---------------+-------------+-----
Fighting       | 2 |  2.0
Dodging        | |  2.6
Stealth        | |  0.3
Unarmed Combat | |  3.5
Shapeshifting  | |  3.3

Action                     |  1- 3 |  4- 6 || total
---------------------------+-------+-------++-------
  Melee: Unarmed           |    65 |     9 ||    74
         Constrict         |    20 |     6 ||    26
         Tentacles         |     8 |     2 ||    10
         Punch             |       |     1 ||     1
   Stab: Sleeping          |    13 |       ||    13
 Armour: Skin              |     7 |     1 ||     8
  Dodge: Dodged            |    33 |    23 ||    56

Table legend: (Time is in decaauts)
 A = Elapsed time spent in this place.
 B = Non-inter-level travel time spent in this place.
 C = Inter-level travel time spent in this place.
 D = Time resting spent in this place.
 E = Time spent auto-exploring this place.
 F = Levels seen in this place.
 G = Mean time per level.
                   A        B        C        D        E       F      G
               +--------+--------+--------+--------+--------+-----+--------+
         Total |   2161 |   2088 |     73 |    644 |   1095 |   3 |  720.3 |
       Dungeon |   2161 |   2088 |     73 |    644 |   1095 |   3 |  720.3 |
               +--------+--------+--------+--------+--------+-----+--------+

Top non-repeatable levels by time:
     D:2: 1310 daAuts
     D:1: 468 daAuts
     D:3: 381 daAuts
